 Dungeon Crawl Stone Soup version 0.20-a0-556-g892c87b (console) character file.

102 nht the Slasher (level 4, -7/37 HPs)
             Began as a Minotaur Gladiator on Feb 7, 2017.
             Mangled by nht's ghost (13 damage)
             ... on level 3 of the Dungeon.
             The game lasted 00:01:30 (1582 turns).

nht the Slasher (Minotaur Gladiator)                Turns: 1582, Time: 00:01:31

Health: -7/37      AC:  3    Str: 19    XL:     4   Next: 49%
Magic:  3/3        EV: 13    Int:  3    God:
Gold:   92         SH:  0    Dex: 12    Spells: 3/3 levels left

rFire    . . .     SeeInvis .   a - +0 long sword
rCold    + . .     Gourm    .   b - +0 leather armour
rNeg     . . .     Faith    .   (no shield)
rPois    .         Spirit   .   c - +0 hat
rElec    .         Reflect  .   (no cloak)
rCorr    .         Harm     .   (no gloves)
MR       .....     Rnd*Tele +   (no boots)
Stlth    +.........             (no amulet)
Regen    0.2/turn               (no ring)
                                (no ring)

@: no status effects
A: retaliatory headbutt, horns 2, cold resistance 1, dopey 1, teleportitis 1
a: no special abilities


You were on level 3 of the Dungeon.
You were not hungry.

You visited 1 branch of the dungeon, and saw 3 of its levels.

You collected 92 gold pieces.

Inventory:

Hand Weapons
 a - a +0 long sword (weapon)
Missiles
 d - 3 throwing nets (quivered)
Armour
 b - a +0 leather armour (worn)
 c - a +0 hat (worn)
Scrolls
 e - a scroll of enchant weapon {unknown}
 g - a scroll of recharging {unknown}
 h - 2 scrolls of enchant armour {unknown}
 i - a scroll of teleportation {unknown}
 k - a scroll of amnesia {unknown}
 l - a scroll of magic mapping {unknown}
 n - 3 scrolls of identify {unknown}
 o - a scroll of immolation {unknown}
Comestibles
 f - a bread ration
 p - a meat ration


   Skills:
 - Level 2.4 Fighting
 + Level 6.4 Long Blades
 - Level 2.0 Throwing
 - Level 3.2 Dodging


You had 3 spell levels left.
You didn't know any spells.

Dungeon Overview and Level Annotations

Branches:
Dungeon (3/15)

Altars:
Elyvilon

Annotations:
D:3 nht's ghost, amateur MiGl


Innate Abilities, Weirdness & Mutations

You reflexively headbutt those who attack you in melee.
You have a pair of horns on your head.
Your flesh is cold resistant. (rC+)
You are dopey. (Int -2)
You are occasionally teleported next to monsters.


Message History

You barely miss nht's ghost.
Nht's ghost is heavily damaged.
Nht's ghost hits you!
You slash nht's ghost!
Nht's ghost is severely damaged.
Nht's ghost hits you.
* * * LOW HITPOINT WARNING * * *
You hit nht's ghost but do no damage.
Nht's ghost is severely damaged.
Nht's ghost completely misses you. You furiously retaliate!
You headbutt nht's ghost! Nht's ghost hits you.
* * * LOW HITPOINT WARNING * * *
You are too injured to fight recklessly!
You are too injured to fight recklessly!
You are too injured to fight recklessly!
You are too injured to fight recklessly!
You barely miss nht's ghost.
Nht's ghost is almost destroyed.
Nht's ghost hits you!
You die...

█.........█
█.........█
███.........█
............█
██.........█
█..........█
......███......w...█
......█...██.██W████
.8....█..███..█@███
█................█
███................█
...................█
...████.██.........█
...................█
.......<...........█
..█.██.....█████.███
..█.....█..█ .█


You could see nht's ghost and a dart slug.

Vanquished Creatures
  Jessica (D:2)
  4 adders
  3 worms (D:2)
  A leopard gecko (D:1)
  A ball python (D:2)
  4 giant cockroaches
  4 hobgoblins
  2 jackals (D:2)
  A quokka (D:2)
  A bat (D:2)
  A frilled lizard (D:1)
  3 goblins
  4 kobolds
  3 rats
33 creatures vanquished.

Vanquished Creatures (others)
  A frilled lizard (D:2)
1 creature vanquished.

Grand Total: 34 creatures vanquished

Notes
Turn   | Place    | Note
-------+----------+-------------------------------------------
     0 | D:1      | nht the Minotaur Gladiator began the quest for the Orb.
     0 | D:1      | Reached XP level 1. HP: 18/18 MP: 0/0
    24 | D:1      | Reached skill level 4 in Long Blades
   267 | D:1      | Reached XP level 2. HP: 25/25 MP: 1/1
   526 | D:2      | Reached skill level 5 in Long Blades
   535 | D:2      | Reached XP level 3. HP: 22/30 MP: 2/2
   993 | D:2      | Noticed Jessica
  1002 | D:2      | Killed Jessica
  1002 | D:2      | Reached skill level 6 in Long Blades
  1002 | D:2      | Reached XP level 4. HP: 31/37 MP: 3/3
  1131 | D:2      | Found a white marble altar of Elyvilon.
  1564 | D:3      | Noticed nht's ghost (amateur MiGl)
  1576 | D:3      | Gained mutation: Your flesh is cold resistant. (rC+) [potion of mutation]
  1576 | D:3      | Gained mutation: You are occasionally teleported next to monsters. [potion of mutation]
  1576 | D:3      | Gained mutation: You are dopey. (Int -2) [potion of mutation]
  1582 | D:3      | Mangled by nht's ghost

Vault maps used:
D:1:      minmay_arrival_shattered_statue
D:2:      elyvilon_altar_4, uniq_jessica
D:3:      lemuel_doored_altar, minitemple

Skill      XL: |  1  2  3 |
---------------+----------+-----
Long Blades    | 4 5 6 |  6.4
Fighting       | |  2.4
Throwing       | |  2.0
Dodging        | |  3.2

Action                   |  1- 3 |  4- 6 || total
-------------------------+-------+-------++-------
Melee: Long sword        |    55 |    20 ||    75
       Headbutt          |    11 |     4 ||    15
  Use: Potion            |       |     2 ||     2
  Eat: Chunk             |       |     2 ||     2
Armor: Leather armour    |     9 |     1 ||    10
Dodge: Dodged            |    31 |    16 ||    47
       Rpst.: Long sword |    11 |     2 ||    13
